AoeStats
← Bugsibär

Arabian Desert

508878550Analyzed
1v1 RM · 8d ago on Sep 24, 2026· 30m 38s· 2 players
Game mode
Random Map
Map size
Tiny (2 player)
Population
200
Speed
Normal
Resources
Standard
Victory
Conquest
Starting age
Dark Age
Ending age
Imperial Age
RankedLock teamsTeams togetherTeam positionsShared explorationLock speedFull tech treeHidden civsTurbo modeCheats
Victory
Defeat
🇩🇰 Bulgarians · Denmark
2053
+6
🇩🇪 Portuguese · Germany
1797
-6
DK | Mauseren
6:38 Loom
8:49 Feudal Age
10:07 Double-Bit Axe
16:33 Fletching
20:39 Padded Archer Armor
21:39 Scale Barding Armor
21:49 Forging
23:38 Scale Barding Armor
27:28 Castle Age
26:24 Bloodlines
Bugsibär
6:16 Loom
8:41 Feudal Age
9:32 Double-Bit Axe
16:59 Fletching
23:27 Castle Age
23:41 Scale Barding Armor
Connection lost

Rejoining the realm…

Still unreachable

The connection could not be restored.

Session expired

The server has moved on; the page needs a fresh start.